 Dungeon Crawl Stone Soup version 0.31-a0-1603-gbec6b6ccbf (webtiles) character file.

Game seed: 14877619605108084258

1069 jasper the Carver (level 8, -4/58 HPs)
             Began as a Human Fighter on Jan 7, 2024.
             Was a Follower of Okawaru.
             Slain by a wight
             ... wielding a +3 battleaxe
              (12 damage)
             ... on level 6 of the Dungeon.
             The game lasted 00:08:49 (5011 turns).

jasper the Carver (Human Fighter)                   Turns: 5011, Time: 00:08:50

Health: -4/58      AC: 12    Str: 18    XL:     8   Next: 28%
Magic:  8/10       EV:  9    Int:  8    God:    Okawaru [*.....]
Gold:   109        SH:  6    Dex: 14    Spells: 7/7 levels left

rFire   + . .        a - +1 long sword
rCold   . . .        c - +0 buckler
rNeg    . . .        m - +0 chain mail
rPois   .            q - +0 helmet
rElec   .            (no cloak)
rCorr   .            (no gloves)
SInv    .            (no boots)
Will    .....        (no amulet) Stlth
                     j - ring of protection from fire
HPRegen 0.29/turn    (no ring)
MPRegen 0.12/turn

%: no passive effects
@: lethally poisoned (-4 -> -8), heroic
A: explore regen
a: Renounce Religion, Heroism


You were on level 6 of the Dungeon.
You worshipped Okawaru.
Okawaru was aware of your devotion.
You visited 2 branches of the dungeon, and saw 7 of its levels.

You collected 151 gold pieces.
You spent 42 gold pieces at shops.

Inventory:

Hand Weapons
 a - a +1 long sword (weapon)
 f - a +1 hand axe of freezing
 k - a +1 dagger of draining
 r - a +1 dagger of draining
Missiles
 d - a curare-tipped dart
 e - 40 stones (quivered)
 s - 2 boomerangs
Armour
 b - a +0 scale mail
 c - a +0 buckler (worn)
 m - a +0 chain mail (worn)
 q - a +0 helmet (worn)
Jewellery
 j - a ring of protection from fire (left hand)
Potions
 g - 2 potions of curing
 h - a potion of brilliance
 i - a potion of resistance
 n - a potion of heal wounds
 o - 2 potions of enlightenment {unknown}


   Skills:
 - Level 3.0(8.0) Fighting
 + Level 8.5(13.5) Long Blades
 - Level 3.0(8.0) Armour
 - Level 4.5(9.5) Shields
 - Level 3.0 Invocations


You had 7 spell levels left.
You didn't know any spells.
Your spell library contained the following spells:

 Spells                   Type           Power      Damage    Failure   Level
 Sigil of Binding         Hex            0%         N/A       100%        3
 Dimensional Bullseye     Hex/Tloc       0%         N/A       100%        4
 Call Canine Familiar     Summ           Unusable   N/A       N/A         3

Dungeon Overview and Level Annotations

Branches:
Dungeon (6/15)             Temple (1/1) D:4

Altars:
Hepliaklqana
Kikubaaqudgha
Makhleb
Nemelex Xobeh
Okawaru
Uskayaw
Xom
Yredelemnul

Shops:
D:2 !

Annotations:
D:5 2 runed translucent doors, Menkaure; Tollund's ghost, novice DrSh


Innate Abilities, Weirdness & Mutations

You regain HP and MP as you explore.


Message History

You closely miss the wight.
The wight is severely damaged.
You feel sick.
The wight hits you with a +2 dagger of venom!
You feel drained.
You take 10 damage, and have 19/56 hp.
You hit the wight.
The wight is severely damaged.
You feel sick. The wight hits you but does no damage.
You hit the wight.
The wight is almost destroyed.
You feel sick. The wight completely misses you.
You take 1 damage, and have 18/56 hp.
You hit the wight but do no damage.
The wight is almost destroyed.
You feel sick. You block the wight's attack.
You take 1 damage, and have 17/56 hp.
You gain the combat prowess of a mighty hero.
You feel sick.
The wight hits you with a +2 dagger of venom.
* * * LOW HITPOINT WARNING * * *
You are more poisoned.
You take 3 damage, and have 14/56 hp.
You now have 7/10 mp.
You slash the wight!
You destroy the wight!
Okawaru accepts your kill.
You feel sick.
Your life force feels restored.
You take 2 damage, and have 12/58 hp.
You closely miss the wight.
You feel sick. The wight hits you but does no damage.
You take 2 damage, and have 10/58 hp.
You hit the wight.
The wight is lightly damaged.
You feel sick. You block the wight's attack.
You take 1 damage, and have 9/58 hp.
You slash the wight!
The wight is almost destroyed.
You feel sick. The wight hits you with a +3 battleaxe!
You die...

#...........# #.#
#.##.####.###..####.#
#.#
...................#
#.#
#.#.###.###...######
#.# .......###...#
#.# .h..........# #.#
#.#######..## #.#
#.#######..# #.#
#.....@z...# #.#
#########.## #.#
#.##########.#
#............#
##############


You could see a wight.

Vanquished Creatures
  Grinder (D:5)
  A kobold brigand (D:6)
  A bullfrog (D:6)
  A scorpion (D:5)
  3 wights (D:6)
  A bombardier beetle (D:3)
  An orc priest (D:4)
  A hound (D:6)
  Jessica (D:3)
  Terence (D:3)
  Natasha (twice) (D:4)
  An iguana (D:4)
  3 orc wizards
  Robin (D:4)
  8 adders
  2 ribbon worms (D:2)
  3 dart slugs
  13 orcs
  8 ball pythons
  12 endoplasms
  8 giant cockroaches
  11 goblins
  9 hobgoblins
  23 jackals
  12 kobolds
  5 bats
  3 frilled lizards (D:2)
  5 rats
141 creatures vanquished.

Notes
Turn   | Place    | Note
-------+----------+-------------------------------------------
     0 | D:1      | jasper the Human Fighter began the quest for the Orb.
     0 | D:1      | Reached XP level 1. HP: 18/18 MP: 1/1
   145 | D:1      | Reached XP level 2. HP: 14/24 MP: 2/2
   307 | D:1      | Reached XP level 3. HP: 24/29 MP: 3/3
  1218 | D:2      | Reached XP level 4. HP: 24/35 MP: 4/4
  1316 | D:2      | Found Soocotuc's Distillery.
  1806 | D:2      | Reached skill level 3 in Long Blades
  2193 | D:3      | Reached XP level 5. HP: 37/41 MP: 5/5
  2421 | D:3      | Reached skill level 4 in Long Blades
  2545 | D:3      | Noticed Terence
  2555 | D:3      | Killed Terence
  2915 | D:2      | Bought a potion of curing for 42 gold pieces
  3110 | D:3      | Noticed Jessica
  3115 | D:3      | Killed Jessica
  3192 | D:4      | Reached skill level 5 in Long Blades
  3192 | D:4      | Reached XP level 6. HP: 47/47 MP: 6/6
  3469 | D:4      | Noticed Natasha
  3483 | D:4      | Killed Natasha
  3607 | D:4      | Noticed Robin
  3620 | D:4      | Killed Robin
  3900 | D:4      | Found a staircase to the Ecumenical Temple.
  3918 | Temple   | Entered the Ecumenical Temple
  3936 | Temple   | Became a worshipper of Warmaster Okawaru
  4059 | D:4      | Noticed Natasha
  4071 | D:4      | Killed Natasha
  4072 | D:4      | Reached skill level 6 in Long Blades
  4206 | D:4      | Reached XP level 7. HP: 44/52 MP: 7/7
  4245 | D:5      | Entered Level 5 of the Dungeon
  4375 | D:5      | Noticed Grinder
  4390 | D:5      | Paralysed by Grinder for 3 turns
  4394 | D:5      | Killed Grinder
  4395 | D:5      | Reached skill level 7 in Long Blades
  4472 | D:5      | Noticed Menkaure
  4474 | D:5      | Found a runed translucent door.
  4487 | D:5      | Found a runed translucent door.
  4490 | D:5      | Noticed Tollund's ghost (novice DrSh)
  4621 | D:6      | Reached * piety under Okawaru
  4622 | D:6      | Reached skill level 8 in Long Blades
  4685 | D:6      | Reached XP level 8. HP: 8/58 MP: 7/9
  5011 | D:6      | Slain by a wight

Illustrated notes

Levels and vault maps discovered:
D:1:      dpeg_arrival_castle, layout_loops_ring, serial_rivers,
          chequers_serial_rivers_marsh, chequers_serial_rivers_micro_a,
          chequers_serial_rivers_micro_e, chequers_serial_rivers_room_b,
          chequers_serial_rivers_room_a, hangedman_decor_opposing
D:2:      minmay_skewed_foursquare, layout_basic, serial_shops,
          nicolae_shop_trees
D:3:      layout_basic, uniq_jessica, uniq_terence
D:4:      layout_basic, minmay_temple_entry_offerings, uniq_natasha, uniq_robin
D:5:      layout_basic, ebering_ghost_sewer_f, hangedman_decor_points,
          uniq_menkaure, uniq_edmund, uniq_grinder
D:6:      layout_loops_ring, nicolae_shop_self_help
Temple:   nicolae_temple_superstar

Skill      XL: |  1  2  3  4  5  6  7  8 |
---------------+-------------------------+-----
Shields        | 4 |  4.5
Long Blades    | 3 5 6 8 |  8.5
Invocations    | 2 3 |  3.0
Fighting       | |  3.0
Armour         | |  3.0

Action                     |  1- 3 |  4- 6 |  7- 9 || total
---------------------------+-------+-------+-------++-------
  Melee: Long sword        |   138 |   307 |   125 ||   570
  Throw: Stone             |       |     4 |       ||     4
         Boomerang         |       |       |     1 ||     1
 Invoke: Heroism           |       |       |     2 ||     2
    Use: Scroll            |     4 |     6 |     1 ||    11
         Potion            |       |     2 |     1 ||     3
 Armour: Scale mail        |    90 |    34 |       ||   124
         Chain mail        |       |   188 |    94 ||   282
  Dodge: Dodged            |    77 |   105 |    43 ||   225
  Block: Buckler           |    29 |    88 |    26 ||   143

Table legend: (Time is in decaauts)
 A = Elapsed time spent in this place.
 B = Non-inter-level travel time spent in this place.
 C = Inter-level travel time spent in this place.
 D = Time resting spent in this place.
 E = Time spent auto-exploring this place.
 F = Levels seen in this place.
 G = Mean time per level.
                   A        B        C        D        E       F      G
               +--------+--------+--------+--------+--------+-----+--------+
         Total |   5162 |   4977 |    185 |    495 |   3037 |   7 |  737.4 |
       Dungeon |   5125 |   4974 |    151 |    495 |   3037 |   6 |  854.2 |
        Temple |     36 |      2 |     34 |      0 |      0 |   1 |   36.0 |
               +--------+--------+--------+--------+--------+-----+--------+

Top non-repeatable levels by time:
     D:1: 1159 daAuts
     D:2: 1101 daAuts
     D:4: 1059 daAuts
     D:3: 1029 daAuts
     D:6: 500 daAuts
     D:5: 275 daAuts
  Temple: 36 daAuts
